 Dungeon Sprint DCSS version 0.29.1-2-gbd0b4ee654 (webtiles) character file.

Game seed: 3995782942627523248

4247 Groucho the Unseen (level 10, -24/53 HPs)
             Began as a Spriggan Enchanter on Nov 16, 2022.
             Was a Priest of Dithmenos.
             Killed from afar by a crystal guardian (47 damage)
             ... with a crystal bolt
             ... in the Dungeon (Sprint II: "The Violet Keep of Menkaure").
             The game lasted 00:11:37 (1343 turns).

Groucho the Unseen (Spriggan Enchanter)             Turns: 1343, Time: 00:11:37

Health: -24/53     AC:  2    Str:  8    XL:     10   Next: 9%
Magic:  16/25      EV: 24    Int: 17    God:    Dithmenos [***...]
Gold:   14         SH:  0    Dex: 16    Spells: 13/29 levels left

rFire   . . .      SeeInvis +   a - +1 dagger
rCold   . . .      Faith    .   (no shield)
rNeg    . . .      Spirit   .   b - +0 robe
rPois   .          Reflect  .   (helmet restricted)
rElec   .          Harm     .   e - scarf {+Inv}
rCorr   .          Rampage  .   (gloves unavailable)
Will    +....      NoTele   +   (boots unavailable)
Stlth   +++++++++.              (no amulet)
HPRegen 0.17/turn               c - ring of flight
MPRegen 0.19/turn               (no ring)

@: flying, wreathed by umbra, very quick
A: very small, no large weapons, unfitting armour, see invisible, speed 3
a: Renounce Religion, Evoke Invisibility, Shadow Step


You were in the Dungeon.
You worshipped Dithmenos.
Dithmenos was most pleased with you.
You visited 1 branch You collected 1134 gold pieces.
You spent 1120 gold pieces at shops.

Inventory:

Hand Weapons
 a - a +1 dagger (weapon)
Armour
 b - a +0 robe (worn)
 e - a scarf of invisibility (worn)
Jewellery
 c - a ring of flight (left hand)
Scrolls
 d - a scroll of brand weapon {unknown}
Potions
 f - a potion of curing
 g - 2 potions of magic
 h - a potion of berserk rage


   Skills:
 + Level 6.9 Fighting
 + Level 9.1 Short Blades
 + Level 11.1 Dodging
 - Level 18.0 Stealth
 + Level 10.3 Spellcasting
 * Level 2.6 Conjurations
 + Level 14.5 Hexes
 * Level 3.2 Earth Magic
 + Level 0.0 Evocations


You had 13 spell levels left.
You knew the following spells:

 Your Spells              Type           Power      Damage    Failure   Level
a - Ensorcelled Hibernat  Hex/Ice        66%        N/A       1%          2
b - Confusing Touch       Hex            55%        N/A       1%          3
c - Dazzling Flash        Conj/Hex       74%        N/A       1%          3
d - Tukima's Dance        Hex            55%        N/A       1%          3
e - Passwall              Tmut/Erth      11%        N/A       6%          2
f - Stone Arrow           Conj/Erth      36%        3d9       8%          3

Your spell library contained the following spells:

 Spells                   Type           Power      Damage    Failure   Level
 Swiftness                Air            8%         N/A       24%         3
 Animate Armour           Summ/Erth      28%        N/A       38%         4
 Ignition                 Fire           4%         3d4       100%        8
 Lehudib's Crystal Spear  Conj/Erth      9%         10d4      100%        8


Dungeon Overview and Level Annotations

Branches:
Dungeon (1/1)

Altars:
Cheibriados
Dithmenos
Elyvilon
Fedhas
Gozag
Hepliaklqana
Kikubaaqudgha
Makhleb
Nemelex Xobeh
Okawaru
Qazlal
Ru
Sif Muna
Trog
Uskayaw
Vehumet
Wu Jian
Xom
Yredelemnul
Zin
The Shining One
Jiyva
Lugonu

Shops:
D [[:[=*[!(=[:?![

Annotations:
D exclusions: obsidian statue and oklob plant


Innate Abilities, Weirdness & Mutations

You are very small and have problems with some larger weapons.
You are too small for most types of armour.
You have supernaturally acute eyesight. (SInv)
You cover ground extremely quickly. (Speed+++)


Message History

Okay, then.
Unknown command.
There are monsters nearby!
Really fly into a travel-excluded area?
There is an open door here.
A crystal guardian is nearby!
You start resting.
A crystal guardian is nearby!
Casting: Stone Arrow (dangerous; 8% risk of failure)
Confirm with . or Enter, or press ? or * to list all spells.
Aiming: Stone Arrow (dangerous; 8% risk of failure)
Press: ? - help, Shift-Dir - straight line, f/p - crystal guardian
Aim: a crystal guardian (lightly damaged, umbra, 100% to hit)
The stone arrow hits the crystal guardian!
The crystal guardian is lightly damaged.
Unknown command.
Unknown command.
Casting: Stone Arrow (dangerous; 8% risk of failure)
Confirm with . or Enter, or press ? or * to list all spells.
Aiming: Stone Arrow (dangerous; 8% risk of failure)
Press: ? - help, Shift-Dir - straight line, f/p - crystal guardian
Aim: a crystal guardian (lightly damaged, umbra, 100% to hit)
The stone arrow hits the crystal guardian but does no damage.
The crystal guardian is lightly damaged.
You are engulfed in a cloud of scalding steam.
Unknown command.
There is an open door here.
The crystal guardian fires a crystalline bolt at you.
The crystal bolt freezes you!!
Casting: Stone Arrow (dangerous; 8% risk of failure)
Confirm with . or Enter, or press ? or * to list all spells.
Aiming: Stone Arrow (dangerous; 8% risk of failure)
Press: ? - help, Shift-Dir - straight line, f/p - crystal guardian
Aim: a crystal guardian (lightly damaged, umbra, 100% to hit)
The stone arrow hits the crystal guardian!
The crystal guardian is moderately damaged.
The crystal guardian fires a crystalline bolt at you.
The crystal bolt freezes you!!!
Ouch! That really hurt!
You die...

#########~~#+++ ...#k##
########~~~... ..#..#
......∩#~~~~.##+##.. #.#..#
.....∩.#~~~~##...##.#### +.##.#
∩...∩.∩#~~~~#..#..# ...# #...###
.∩...∩.#~~####.#.####..#####.^##.
∩.∩.∩..#~##.###'###.##..#†.'..#..
.∩.∩...#~##..##.##...#..#†.#.9#†.
..⌠....'~'.##'.<@'###'..####.k##)
.......#~##..##.##.9.#....###^..#
▓▓▓▓▓###~##.###'###.##.....9~~~~~
ZD######~~####...####~§.....~#'##
$Z#l ##~~~#.##..#~~~§~§~§.~#._.
P?+.l #'#~##.####~~~§§~~§§~#.._
.$#)## #.#~~##+##~~~≈§§~§~§~#._.
?. ####~~~~~~~~~~§§≈≈~§~#_._
#+++#+++#~≈§§§§≈≈~#._.


You could see a crystal guardian.

Vanquished Creatures
  2 boulder beetles (D)
  A yaktaur (D)
  A hornet (D)
  3 polar bears (D)
  A blink frog (D)
  4 neqoxecs (D)
  Menkaure (D)
  5 water moccasins (D)
  2 swamp drakes (D)
  4 necrophages (D)
  4 scorpions (D)
28 creatures vanquished.

Notes
Turn   | Place    | Note
-------+----------+-------------------------------------------
     0 | D        | Groucho the Spriggan Enchanter began the quest for the Orb.
     0 | D        | Reached XP level 1. HP: 9/9 MP: 5/5
     3 | D        | Noticed a scorpion
     3 | D        | Noticed a scorpion
     3 | D        | Noticed a scorpion
     3 | D        | Noticed a scorpion
     9 | D        | Killed a scorpion
    10 | D        | Reached skill level 1 in Fighting
    10 | D        | Reached skill level 7 in Stealth
    10 | D        | Reached skill level 5 in Hexes
    10 | D        | Reached XP level 2. HP: 8/15 MP: 6/8
    10 | D        | Reached XP level 3. HP: 10/18 MP: 6/9
    19 | D        | Killed a scorpion
    20 | D        | Reached skill level 8 in Stealth
    20 | D        | Reached XP level 4. HP: 17/23 MP: 6/11
    22 | D        | Killed a scorpion
    23 | D        | Reached skill level 5 in Dodging
    23 | D        | Reached skill level 9 in Stealth
    23 | D        | Reached skill level 5 in Spellcasting
    23 | D        | Reached XP level 5. HP: 21/28 MP: 6/13
    24 | D        | Reached skill level 10 in Stealth
    32 | D        | Reached XP level 6. HP: 24/32 MP: 8/16
    33 | D        | Reached skill level 5 in Short Blades
    33 | D        | Reached skill level 11 in Stealth
    37 | D        | Reached skill level 12 in Stealth
    41 | D        | Noticed a boulder beetle
    41 | D        | Noticed a boulder beetle
    46 | D        | Killed a boulder beetle
    47 | D        | Reached skill level 5 in Fighting
    47 | D        | Reached skill level 14 in Stealth
    47 | D        | Reached XP level 7. HP: 31/39 MP: 9/19
    47 | D        | Reached XP level 8. HP: 34/43 MP: 9/21
    50 | D        | Killed a boulder beetle
    51 | D        | Reached skill level 15 in Stealth
    73 | D        | Reached skill level 16 in Stealth
    76 | D        | Reached XP level 9. HP: 29/48 MP: 12/23
    91 | D        | Reached skill level 10 in Dodging
   131 | D        | Found Lehoest's Antique Weapon Emporium.
   131 | D        | Found Huank's Armour Emporium.
   131 | D        | Found Zumaquwi's Magic Scroll Emporium.
   131 | D        | Found Aryin's Jewellery Shoppe.
   132 | D        | Found Umuugieb's Distillery.
   132 | D        | Found Jaxor's Antique Armour Emporium.
   132 | D        | Found Avomn's Book Shoppe.
   132 | D        | Found Vizeopn's Distillery.
   133 | D        | Found Lebiklul's Antique Armour Shoppe.
   133 | D        | Found Utuggia's Assorted Antiques.
   134 | D        | Noticed a fire dragon
   141 | D        | Learned a level 2 spell: Ensorcelled Hibernation
   145 | D        | Learned a level 3 spell: Confusing Touch
   149 | D        | Learned a level 3 spell: Dazzling Flash
   153 | D        | Learned a level 3 spell: Tukima's Dance
   156 | D        | Found Tyadwiobb's Jewellery Emporium.
   156 | D        | Found Iviploagi's Armour Shoppe.
   156 | D        | Noticed an oklob plant
   160 | D        | Found Boimeah's Armour Shoppe.
   160 | D        | Found Plog's Book Shoppe.
   160 | D        | Found Durun's Antique Armour Emporium.
   181 | D        | Bought a ring of flight for 227 gold pieces
   189 | D        | Bought a book of Armaments for 468 gold pieces
   189 | D        | Bought a book of Burglary for 260 gold pieces
   193 | D        | Learned a level 2 spell: Passwall
   197 | D        | Learned a level 3 spell: Stone Arrow
   242 | D        | Noticed Menkaure
   248 | D        | Found a glowing silver altar of Zin.
   249 | D        | Found a glowing golden altar of the Shining One.
   249 | D        | Found a basalt altar of Yredelemnul.
   249 | D        | Found a hide-covered altar of Uskayaw.
   250 | D        | Found a shimmering altar of Xom.
   250 | D        | Found a bloodstained altar of Trog.
   251 | D        | Found a radiant altar of Vehumet.
   251 | D        | Found a burning altar of Makhleb.
   255 | D        | Found an ornate altar of the Wu Jian Council.
   255 | D        | Found a shimmering blue altar of Sif Muna.
   255 | D        | Found a corrupted altar of Lugonu.
   268 | D        | Killed Menkaure
   269 | D        | Found a sacrificial altar of Ru.
   269 | D        | Found an ancient bone altar of Kikubaaqudgha.
   269 | D        | Found a white marble altar of Elyvilon.
   270 | D        | Found a stormy altar of Qazlal.
   270 | D        | Found a viscous altar of Jiyva.
   270 | D        | Found a shadowy altar of Dithmenos.
   271 | D        | Found a hazy altar of Hepliaklqana.
   271 | D        | Found a snail-covered altar of Cheibriados.
   273 | D        | Found a sparkling altar of Nemelex Xobeh.
   273 | D        | Found a blossoming altar of Fedhas.
   274 | D        | Found an opulent altar of Gozag.
   274 | D        | Found an iron altar of Okawaru.
   279 | D        | Became a worshipper of Dithmenos the Shadowed
   662 | D        | Noticed a polar bear
   663 | D        | Noticed a yaktaur
   667 | D        | Noticed a polar bear
   667 | D        | Noticed a polar bear
   668 | D        | Killed a polar bear
   669 | D        | Reached skill level 17 in Stealth
   669 | D        | Reached skill level 1 in Conjurations
   669 | D        | Reached skill level 1 in Earth Magic
   669 | D        | Killed a polar bear
   688 | D        | Killed a polar bear
   688 | D        | Reached * piety under Dithmenos
   691 | D        | Reached skill level 10 in Spellcasting
   695 | D        | Killed a yaktaur
   706 | D        | Noticed a death drake
   707 | D        | Noticed a death drake
   707 | D        | Noticed a crystal guardian
   708 | D        | Reached ** piety under Dithmenos
  1147 | D        | Noticed an obsidian statue
  1154 | D        | Got Sif Muna's Essays on Arenous Flames
  1182 | D        | Reached XP level 10. HP: 43/53 MP: 25/25
  1183 | D        | Reached *** piety under Dithmenos
  1184 | D        | Reached skill level 18 in Stealth
  1239 | D        | Bought a scarf of invisibility for 132 gold pieces
  1250 | D        | Bought a potion of curing for 33 gold pieces
  1274 | D        | Noticed an ice statue
  1343 | D        | Killed from afar by a crystal guardian

Illustrated notes

Levels and vault maps discovered:
D:        the_violet_keep_of_menkaure [sprint2_stairs_cluster_1,
          sprint2_shoproom, sprint2_temple, sprint2_basic_supplies,
          sprint2_obstacle_2, sprint2_obstacle_3, sprint2_obstacle_4,
          sprint2_obstacle_5, sprint2_obstacle_6, sprint2_timed_cluster_1,
          sprint2_smallroom_cluster_1, sprint2_smallroom_final_cluster_1,
          sprint2_transparent_cluster_1, sprint2_second_timed_cluster_1,
          sprint2_sniper_area_1, sprint2_heavy_combat_area_1,
          sprint2_mutation_trap_area_1, sprint2_forest_area_1,
          sprint2_light_combat_area_1, sprint2_behind_water_1,
          sprint2_near_end_vault_1]

Skill      XL: |  1  2  3  4  5  6  7  8  9 10 |
---------------+-------------------------------+-----
Fighting       | 1 2 3 5 6 |  6.9
Short Blades   | 2 3 4 6 7 9 |  9.1
Dodging        | 4 5 6 8 9 11 | 11.1
Stealth        | 7 8 9 10 14 16 17 18 | 18.0
Spellcasting   | 4 5 6 8 9 10 | 10.3
Hexes          | 5 6 7 8 11 12 14 | 14.5
Conjurations   | 2 |  2.6
Earth Magic    | 2 3 |  3.2

Action                   |  1- 3 |  4- 6 |  7- 9 | 10-12 || total
-------------------------+-------+-------+-------+-------++-------
Melee: Dagger            |    13 |     9 |    49 |     2 ||    73
       Punch             |       |       |     1 |       ||     1
 Cast: Ensorcelled Hiber |       |       |     6 |       ||     6
       Stone Arrow       |       |       |     3 |     4 ||     7
       Confusing Touch   |       |       |     2 |       ||     2
  Use: Potion            |     3 |       |     2 |       ||     5
       Scroll            |       |       |     1 |       ||     1
 Stab: Invisible         |     2 |     1 |     4 |       ||     7
       Sleeping          |       |     7 |    12 |     2 ||    21
       Confused          |       |       |     3 |       ||     3
Dodge: Dodged            |     7 |     1 |    21 |     1 ||    30
